 Dungeon Crawl Stone Soup version 0.22.0-18-ge075c0d (webtiles) character file.

270 Larmestyx the Digger (level 6, -5/32 HPs)
             Began as a Gargoyle Earth Elementalist on Aug 18, 2018.
             Slain by an iguana (8 damage)
             ... on level 5 of the Dungeon.
             The game lasted 00:29:38 (4193 turns).

Larmestyx the Digger (Gargoyle Earth Elementalist)  Turns: 4193, Time: 00:29:39

Health: -5/32      AC:  8    Str: 12    XL:     6   Next: 22%
Magic:  10/12      EV: 12    Int: 17    God:
Gold:   254        SH:  0    Dex: 10    Spells: 9/13 levels left

rFire    + . .     SeeInvis .   l - +0 flail
rCold    . . .     Gourm    .   (no shield)
rNeg     + . .     Faith    .   c - +0 robe
rPois    ∞         Spirit   .   x - +0 helmet
rElec    +         Reflect  .   e - +0 cloak
rCorr    .         Harm     .   (no gloves)
MR       .....                  (no boots)
Stlth    ++........             (no amulet)
HPRegen  0.10/turn              g - ring of protection from fire
MPRegen  0.13/turn              a - ring of wizardry

@: no status effects
A: negative energy resistance 1, electricity resistance, unbreathing,
petrification resistance, rot immunity, AC +4
a: no special abilities


You were on level 5 of the Dungeon.
You were hungry.

You visited 1 branch of the dungeon, and saw 5 of its levels.

You collected 254 gold pieces.

Inventory:

Hand Weapons
 f - a +1 whip of venom
 l - a +0 flail (weapon)
 u - a +0 club
Missiles
 b - 91 stones (quivered)
Armour
 c - a +0 robe (worn)
 e - a +0 cloak (worn)
 x - a +0 helmet (worn)
Jewellery
 a - a ring of wizardry (right hand)
 g - a ring of protection from fire (left hand)
 h - a +3 ring of dexterity
 k - a +3 ring of dexterity
 y - an uncursed amulet of harm {unknown}
Wands
 p - a wand of scattershot (7)
 t - a wand of digging (16)
Scrolls
 j - 3 scrolls of enchant armour {unknown}
 m - a scroll of remove curse {unknown}
 n - a scroll of blinking {unknown}
 o - 4 scrolls of identify {unknown}
 q - a scroll of teleportation {unknown}
 s - a scroll of fog {unknown}
Potions
 i - 2 potions of haste {unknown}
 r - 2 potions of flight {unknown}
 v - 2 potions of curing {unknown}
 w - 2 potions of heal wounds
Comestibles
 d - 14 rations


   Skills:
 - Level 1.5 Dodging
 - Level 2.1 Stealth
 + Level 4.1 Spellcasting
 + Level 2.1 Conjurations
   Level 0.7 Transmutations
 + Level 6.0 Earth Magic


You had 9 spell levels left.
You knew the following spells:

 Your Spells              Type           Power        Failure   Level  Hunger
a - Sandblast             Erth           ###...       1%          1    None
b - Stone Arrow           Conj/Erth      ###...       3%          3    ###....

Your spell library contained the following spells:

 Spells                   Type           Power        Failure   Level  Hunger
 Passwall                 Tmut/Erth      ##......     2%          2    ##.....
 Confusing Touch          Hex            #.....       6%          1    None
 Petrify                  Tmut/Erth      ##......     16%         4    ####...
 Lee's Rapid Deconstruct  Erth           ###.......   16%         5    ######.
 Confuse                  Hex            #.......     19%         3    ###....
 Gell's Gravitas          Tloc           #.........   19%         3    ###....
 Yara's Violent Unravell  Hex/Tmut       #.........   80%         5    ######.
 Metabolic Englaciation   Hex/Ice        #.........   83%         5    ######.


Dungeon Overview and Level Annotations

Branches:
Dungeon (5/15)
 Temple: D:4-7

Altars:
Sif Muna
Trog
Uskayaw

Shops:
D:4 (=?}


Innate Abilities, Weirdness & Mutations

You are resistant to torment.
Your stone body is resilient. (AC +4)
You are immune to poison.
You resist negative energy. (rN+)
You are resistant to electric shocks. (rElec)
You can survive without breathing.
You are immune to petrification.
You are immune to rotting.


Message History

The iguana bites you. x2
Casting: Sandblast (safe; 1% risk of failure)
Confirm with . or Enter, or press ? or * to list all spells.
Aiming: Sandblast (safe; 1% risk of failure)
Press: ? - help, Shift-Dir - straight line, f - iguana
Aim: an iguana The blast of sand hits the iguana.
b - 92 stones The iguana bites you!
* * * LOW HITPOINT WARNING * * *
Casting: Sandblast (safe; 1% risk of failure)
Confirm with . or Enter, or press ? or * to list all spells.
Aiming: Sandblast (safe; 1% risk of failure)
Press: ? - help, Shift-Dir - straight line, f/p - iguana
Aim: an iguana The blast of sand hits the iguana.
The iguana is severely wounded.
b - 91 stones The iguana bites you!
You die...

.....# .....# .....#
.....# ##.###
#.############
#............#
############<########
#...@l...# ########.#


You could see an iguana.

Vanquished Creatures
  A hound (D:4)
  A worker ant (D:4)
  A hound skeleton (D:4)
  A worker ant zombie (D:5)
  4 adders
  4 gnolls (D:2)
  2 oozes
  5 worms
  5 dart slugs
  A leopard gecko (D:1)
  4 orcs
  6 bats
  2 giant cockroaches
  8 goblins
  9 hobgoblins
  5 jackals
  6 kobolds
  A quokka (D:4)
  2 ball pythons
  8 frilled lizards
  A leopard gecko zombie (D:4)
  12 rats
89 creatures vanquished.

Notes
Turn   | Place    | Note
-------+----------+-------------------------------------------
     0 | D:1      | Larmestyx the Gargoyle Earth Elementalist began the quest for the Orb.
     0 | D:1      | Reached XP level 1. HP: 10/10 MP: 3/3
   319 | D:1      | Reached skill level 4 in Earth Magic
   319 | D:1      | Reached XP level 2. HP: 15/15 MP: 3/5
  1014 | D:2      | Reached XP level 3. HP: 16/19 MP: 3/6
  1299 | D:2      | Reached XP level 4. HP: 16/24 MP: 3/8
  1428 | D:2      | Reached skill level 5 in Earth Magic
  1517 | D:2      | Found a bloodstained altar of Trog.
  2002 | D:2      | Reached XP level 5. HP: 28/28 MP: 7/10
  2014 | D:2      | Learned a level 3 spell: Stone Arrow
  2347 | D:3      | Found a hide-covered altar of Uskayaw.
  2748 | D:3      | Reached skill level 1 in Conjurations
  2907 | D:4      | Found Gufent's Jewellery Shop.
  3020 | D:4      | Found Cahotzut's Weapon Shop.
  3068 | D:4      | Found a deep blue altar of Sif Muna.
  3344 | D:4      | Found Voraggeups's Magic Scroll Boutique.
  3425 | D:4      | Reached XP level 6. HP: 18/32 MP: 6/12
  3685 | D:4      | Found Dieguv's Gadget Shop.
  4139 | D:5      | Entered Level 5 of the Dungeon
  4169 | D:5      | Reached skill level 6 in Earth Magic
  4193 | D:5      | Slain by an iguana

Skill      XL: |  1  2  3  4  5  6 |
---------------+-------------------+-----
Earth Magic    | 4 5 6 |  6.0
Spellcasting   | 3 4 |  4.1
Conjurations   | 1 2 |  2.1
Dodging        | |  1.5
Stealth        | |  2.1
Transmutations | |  0.7

Action                   |  1- 3 |  4- 6 || total
-------------------------+-------+-------++-------
Melee: Unarmed           |    30 |       ||    30
       Club              |    48 |    15 ||    63
       Flail             |       |   190 ||   190
 Cast: Sandblast         |    15 |    50 ||    65
 Stab: Sleeping          |     1 |     3 ||     4
  Eat: Chunk             |     1 |     9 ||    10
Armor: Robe              |    24 |    92 ||   116
Dodge: Dodged            |    48 |   183 ||   231
